 Dungeon Crawl Stone Soup version 0.27.1-35-g4d5d836560 (webtiles) character file.

Game seed: 14168511701053959378

196850 MordorOrchid the Eclecticist (level 19, -10/131 HPs)
             Began as a Djinni Conjurer on Jan 10, 2022.
             Was the Champion of Makhleb.
             Mangled by a bunyip (29 damage)
             ... on level 3 of the Swamp on July 6, 2022.
             The game lasted 04:27:04 (27510 turns).

MordorOrchid the Eclecticist (Djinni Conjurer)     Turns: 27510, Time: 04:27:05

Health: -10/131    AC: 23    Str:  7    XL:     19   Next: 55%
Gold:   2847       EV: 16    Int: 25    God:    Makhleb [******] SH: 21 Dex: 18

rFire    + + .     SeeInvis .   O - staff of earth
rCold    + . .     Faith    .   B - +1 tower shield {rC+}
rNeg     . . .     Spirit   .   i - +3 acid dragon scales
rPois    ∞         Reflect  +   U - +4 helmet "Buozy" {Dex+4}
rElec    .         Harm     .   M - +1 cloak
rCorr    +         Rampage  .   F - +0 pair of gloves {archery}
Will     +....                  (boots unavailable)
Stlth    +++.......             Z - amulet of reflection
HPRegen  0.31/turn              K - +4 ring of protection
MPRegen  0.00/turn              b - ring of protection from cold

@: flying, studying 2 skills
A: sickness immunity, fire resistance 2, cold vulnerability 1, float, innate
caster, hp casting, extra vitality 1
a: Renounce Religion, Minor Destruction, Lesser Servant of Makhleb, Major
Destruction, Greater Servant of Makhleb


You were on level 3 of the Swamp.
You worshipped Makhleb.
Makhleb was exalted by your worship.
You visited 6 branches of the dungeon, and saw 29 of its levels.
You also visited: Sewer and Ice Cave.

You collected 4015 gold pieces.
You spent 1168 gold pieces at shops.

Inventory:

Hand Weapons
 a - a +9 eveningstar of flaming
 j - a +4 vorpal hand crossbow
 y - the +6 short sword of Wariness {freeze, +Blink +Rage}
   (You took it off an orc wizard on level 11 of the Dungeon)

   It freezes those it strikes, dealing additional cold damage.
   It can also slow down cold-blooded creatures.
   +Blink:    It lets you blink.
   +Rage:     It lets you go berserk.
 V - a +4 eveningstar of freezing
Missiles
 k - 124 sling bullets
 s - 45 boomerangs
 A - 8 atropa-tipped darts
 D - 4 javelins
 I - 4 curare-tipped darts (quivered)
 Q - 7 throwing nets
Armour
 i - +3 acid dragon scales (worn)
 r - a +0 kite shield of reflection
 B - a +1 tower shield of cold resistance (worn)
 F - a +0 pair of gloves of archery (worn)
 M - a +1 cloak (worn)
 U - the +4 helmet "Buozy" (worn) {Dex+4}
   (You found it on level 3 of the Lair of Beasts)

   Dex:       It affects your dexterity (+4).
Magical Staves
 o - a staff of cold
 O - a staff of earth (weapon)
Jewellery
 b - a ring of protection from cold (right hand)
 g - a ring of willpower
 m - a ring of wizardry
 H - the ring of Reucsig {rElec rF+ rCorr Str+6 Dex+3}
   (You found it on level 5 of the Dungeon)

   [ring of resist corrosion]

   Str:       It affects your strength (+6).
   Dex:       It affects your dexterity (+3).
   rF:        It protects you from fire.
   rElec:     It insulates you from electricity.
   rCorr:     It protects you from acid and corrosion.
 K - a +4 ring of protection (left hand)
 Z - an amulet of reflection (around neck)
Wands
 x - a wand of acid (33)
 N - a wand of flame (28)
 P - a wand of charming (11)
 T - a wand of mindburst (35)
 X - a wand of paralysis (4)
Scrolls
 h - 2 scrolls of blinking
 p - 2 scrolls of immolation
 t - a scroll of summoning
 u - 2 scrolls of fear
 w - 4 scrolls of fog
 z - 14 scrolls of teleportation
 R - a scroll of identify
 W - 2 scrolls of enchant armour
Potions
 c - 10 potions of curing
 e - 3 potions of berserk rage
 f - 2 potions of resistance
 l - 7 potions of haste
 v - a potion of brilliance
 C - 2 potions of invisibility
 E - 4 potions of might
 G - 3 potions of heal wounds
 J - 2 potions of attraction
 Y - a potion of lignification
Miscellaneous
 d - a phantom mirror
 n - a lightning rod (4/4)
 q - a box of beasts
 L - a phial of floods
 S - a tin of tremorstones (2/2)


   Skills:
 * Level 10.5 Fighting
 - Level 4.0 Short Blades
 * Level 5.3 Maces & Flails
 - Level 4.0 Throwing
 - Level 5.0 Armour
 * Level 14.0 Dodging
 - Level 5.0 Stealth
 * Level 10.2 Shields
 * Level 2.3 Unarmed Combat
 + Level 17.1 Spellcasting
 * Level 8.7 Invocations
 * Level 6.9 Evocations


You couldn't memorise any spells.
You knew the following spells:

 Your Spells              Type           Power      Damage    Failure   Level
a - Magic Dart            Conj           100%       1d8       1%          1
b - Searing Ray           Conj           100%       3d7       1%          2
c - Sting                 Tmut/Pois      100%       1d8       1%          1
d - Blade Hands           Tmut           41%        N/A       1%          5
e - Sticky Flame          Conj/Fire      82%        2d9       1%          4
f - Iron Shot             Conj/Erth      51%        9d10      3%          6
g - Slow                  Hex            82%        N/A       1%          2
h - Spider Form           Tmut/Pois      41%        N/A       1%          3
i - Airstrike             Air            41%        N/A       1%          4
j - Dazzling Flash        Conj/Hex       100%       N/A       1%          3
k - Dragon Form           Tmut           41%        N/A       21%         7
r - Iskenderun's Mystic   Conj/Tloc      82%        2d16      1%          4
v - Death Channel         Necr           41%        N/A       3%          6
J - Fulminant Prism       Conj/Hex       41%        3d20      1%          4
Your spell library was empty.

Dungeon Overview and Level Annotations

Branches:
Dungeon (14/15)            Temple (1/1) D:4            Lair (6/6) D:8
  Swamp (3/4) Lair:2        Snake (0/4) Lair:2        Slime (0/5) Lair:5
    Orc (2/2) D:10            Elf (3/3) Orc:2        Vaults (0/5) D:13
  Sewer (visited)           IceCv (visited)

Altars:
Ashenzari
Cheibriados
Dithmenos
Elyvilon
Fedhas
Gozag
Hepliaklqana
Kikubaaqudgha
Makhleb
Nemelex Xobeh
Okawaru
Qazlal
Ru
Sif Muna
Trog
Uskayaw
Vehumet
Wu Jian
Xom
Yredelemnul
Zin
The Shining One
Beogh

Shops:
D:3 ?   Orc:1 **!*   Orc:2 :[((

Portals:
Trove: Elf:3 (give +3 shadow dragon scales)

Annotations:
D:9 2 transporters
Lair:3 exclusion: oklob plant


Innate Abilities, Weirdness & Mutations

You are immune to sickness and miasma.
You are immune to poison.
Your flesh is very heat resistant. (rF++)
You are vulnerable to cold. (rC-)
You float through the air rather than walking.
You learn spells naturally, not from books.
Your magical power is your life essence.
You have superior vitality. (+4 HP)


Message History

There is a stone staircase leading down here.
There is a stone staircase leading down here.
You fly downwards.
You hear an angry growl.
The swamp worm fires a harpoon shot at you.
The harpoon shot reflects off an invisible shield around you!
The harpoon shot hits the swamp worm!
There is a stone staircase leading up here.
Unknown command.
Casting: Airstrike (safe; 1% risk of failure)
Confirm with . or Enter, or press ? or * to list all spells.
Aiming: Iron Shot (dangerous; 3% risk of failure)
Press: ? - help, Shift-Dir - straight line, f - bunyip
Aim: a bunyip (78% to hit)
You feel a surge of power!
The iron shot hits the bunyip!!!
The bunyip is heavily wounded.
The bunyip claws you!
* * * LOW HITPOINT WARNING * * *
You block the bunyip's attack. The bunyip claws you!
* * * LOW HITPOINT WARNING * * *
You hear an angry growl.
Casting: Iron Shot (dangerous; 3% risk of failure)
Confirm with . or Enter, or press ? or * to list all spells.
Aiming: Iron Shot (dangerous; 3% risk of failure)
Press: ? - help, Shift-Dir - straight line, f/p - bunyip
Aim: a bunyip (heavily wounded, 78% to hit)
You feel a surge of power!
The iron shot hits the bunyip!!!
The bunyip is almost dead.
* * * LOW HITPOINT WARNING * * *
Unknown command.
The swamp worm fires a harpoon shot at you.
The harpoon shot hits you.
* * * LOW HITPOINT WARNING * * *
You are yanked forward by the harpoon shot.
You block the tyrant leech's attack.
Unknown command.
Unknown command.
The alligator misses you. You block the alligator's attack.
You block the bunyip's attack. The bunyip claws you!!
You die...

♣...≈≈..x[♣♣.......♣
♣♣♣♣♣♣§..?....♣♣♣..♣♣♣..♣
♣♣♣♣≈.♣≈.≈≈≈§.≈≈≈≈♣♣.♣...♣.♣
..≈≈.≈t≈≈≈§≈).≈≈..♣♣.♣.♣.♣.♣
i≈w.♣≈x≈≈≈≈≈..≈≈.≈♣♣.♣...♣.♣
♣≈≈§<.i.≈≈≈≈.!..≈≈♣♣..♣♣≈..♣
≈♣≈.≈≈x.....t≈≈w.♣♣♣.......♣
≈≈≈≈≈≈≈.♣..≈≈÷≈t≈♣♣♣♣.....♣♣
≈§..≈≈≈♣♣♣.≈≈≈wx@≈♣♣♣.....♣
......♣♣ ♣♣≈≈≈w≈≈.≈♣♣♣...♣♣
≈....≈♣ ♣...§≈≈≈≈.♣♣)..♣
♣≈≈≈..♣ ♣♣.≈≈≈.♣.≈.≈...♣♣
♣≈≈≈... ♣.≈≈≈.♣♣..[...^♣
♣≈≈≈.≈♣♣..≈≈≈.≈♣♣
♣♣♣≈≈♣♣♣♣:♣♣.≈†.♣ ♣♣♣♣
♣♣♣≈..≈♣♣♣ ♣♣.....♣


You could see a bunyip, 2 alligators, a tyrant leech and 2 swamp worms.

Vanquished Creatures
  Nikola (Swamp:3)
  An Ice Fiend (IceCv)
  6 deep elf blademasters
  5 deep elf master archers (Elf:3)
  Roxanne (Elf:2)
  Donald (Swamp:2)
  An orc warlord (D:12)
  7 deep elf sorcerers
  3 deep elf elementalists (Elf:3)
  2 deep elf demonologists (Elf:3)
  6 bunyips
  5 deep elf annihilators (Elf:3)
  The ghost of LordBelias the Thaumaturge, a journeyman DgCj (Swamp:1)
  Snorg (Orc:1)
  3 eleionomae
  A deep elf high priest (Elf:3)
  3 deep elf death magi (Elf:3)
  3 vault guards (D:13)
  3 hydras
  Harold (D:8)
  3 ogre magi
  A caustic shrike simulacrum (IceCv)
  3 boulder beetles
  2 centaur warriors
  A death knight (D:14)
  A catoblepas (Lair:3)
  A two-headed ogre (shapeshifter) (D:13)
  21 dancing weapons
  15 two-headed ogres
  2 tengu warriors (D:14)
  5 alligators
  3 death yaks (Lair:6)
  An orc high priest (D:12)
  14 deep elf knights
  Nergalle (Lair:1)
  6 skeletal warriors
  5 goliath frogs
  2 deep trolls (Orc:2)
  An obsidian statue (IceCv)
  Pikel (D:7)
  4 bog bodies
  13 deep elf archers
  A wizard (D:14)
  A phantasmal warrior (D:14)
  25 deep elf zephyrmancers
  2 orc knights
  30 deep elf pyromancers
  2 rime drakes
  9 cyclopes
  An orc sorcerer (D:12)
  2 manticores
  A will-o-the-wisp (Swamp:1)
  An ugly thing (D:13)
  A centaur zombie (D:11)
  5 elephants (Lair:3)
  Joseph (D:8)
  3 black mambas
  4 gargoyles
  A torpor snail (Lair:5)
  An unseen horror (D:13)
  11 cane toads
  9 entropy weaver simulacra (IceCv)
  3 freezing wraiths (IceCv)
  Maggie (D:7)
  7 kobold demonologists
  A tengu conjurer (D:14)
  9 komodo dragons
  2 golden dragon simulacra (IceCv)
  An efreet (D:10)
  8 ice devils (IceCv)
  15 trolls
  5 hornets
  A bloated husk (Swamp:2)
  A merfolk (D:13)
  A wind drake (Lair:6)
  7 tyrant leeches
  8 blink frogs
  A snapping turtle (Lair:6)
  A polar bear (Lair:6)
  4 slime creatures (D:13)
  4 dream sheep (Lair:5)
  4 air elementals
  3 spriggans
  4 water elementals
  3 shadows
  5 wraiths
  2 vampires
  2 dire elephant simulacra (IceCv)
  4 fire elementals
  4 spriggan simulacra (IceCv)
  4 basilisks
  2 wyverns (Lair:4)
  9 humans (D:13)
  5 yaks
  A steam dragon (Lair:6)
  6 minotaur simulacra (IceCv)
  5 wargs
  11 swamp worms
  Menkaure (D:7)
  8 water moccasins
  An acid dragon (D:12)
  A naga (Lair:2)
  2 hydra simulacra (IceCv)
  An ice beast (D:6)
  4 black bears
  A swamp drake (Swamp:3)
  2 sky beasts
  An ettin simulacrum (IceCv)
  41 orc warriors
  3 necrophages
  26 ogres
  24 wolves
  A lemure (D:7)
  9 centaurs
  2 kobold brigands (D:7)
  16 bullfrogs
  A wyvern zombie (D:7)
  2 scorpions
  8 deep troll simulacra (IceCv)
  4 earth elementals
  A water moccasin skeleton (D:5)
  8 killer bees (D:9)
  3 lindwurm simulacra (IceCv)
  5 wights (D:8)
  7 howler monkeys
  8 electric eels
  A bullfrog zombie (D:6)
  8 hounds
  6 gnoll shamans
  8 jellies
  27 orc priests
  Natasha (thrice) (D:3)
  Ijyb (D:4)
  2 iguanas (D:6)
  30 orc wizards
  21 gnolls
  7 adders
  A shadow imp (D:7)
  2 white imps (D:8)
  An ufetubus (D:7)
  2 dart slugs
  69 orcs
  12 endoplasms
  13 giant cockroaches
  8 goblins
  10 hobgoblins
  5 jackals (D:4)
  15 kobolds
  11 quokkas
  19 ball pythons
  3 bats
  12 frilled lizards (Sewer)
  9 rats
923 creatures vanquished.

Vanquished Creatures (collateral kills)
  Louise (Swamp:3)
  A bunyip (Swamp:2)
  A swamp dragon (Swamp:1)
  An orc knight (D:12)
  A black mamba (Lair:6)
  A komodo dragon (Lair:6)
  2 hornets
  A blink frog (Lair:6)
  2 spriggans (Swamp:1)
  3 yaks (Lair:5)
  An acid dragon (D:12)
  2 orc warriors (D:10)
  A gnoll sergeant (D:9)
  8 gnolls
  2 orcs (D:10)
  A butterfly (Swamp:2)
29 creatures vanquished.

Vanquished Creatures (others)
  A deep elf knight (Elf:2)
  A black mamba (Lair:4)
  A water elemental (Elf:1)
  8 foxfires (Swamp:1)
  313 fulminant prisms
  35 fungi
  76 plants
  4 toadstools (D:11)
439 creatures vanquished.

Grand Total: 1391 creatures vanquished

Notes
Turn   | Place    | Note
-------+----------+-------------------------------------------
     0 | D:1      | MordorOrchid the Djinni Conjurer began the quest for the
                  | Orb.
     0 | D:1      | Reached XP level 1. HP: 15/15 MP: 0/0
    67 | D:1      | Reached XP level 2. HP: 7/21 MP: 0/0
   198 | D:1      | Found a faded altar of an unknown god.
   370 | D:1      | Reached XP level 3. HP: 10/26 MP: 0/0
   370 | D:1      | Learned a level 1 spell: Sting
   633 | D:2      | Reached skill level 1 in Fighting
   761 | D:2      | Found a snail-covered altar of Cheibriados.
  1099 | D:2      | Reached XP level 4. HP: 22/32 MP: 0/0
  1147 | D:2      | Reached skill level 4 in Spellcasting
  1147 | D:2      | Reached XP level 5. HP: 19/37 MP: 0/0
  1147 | D:2      | Learned a level 2 spell: Slow
  1523 | D:3      | Noticed Natasha
  1534 | D:3      | Killed Natasha
  1709 | D:3      | Noticed Natasha
  1713 | D:3      | Killed Natasha
  1714 | D:3      | Reached XP level 6. HP: 36/43 MP: 0/0
  1847 | D:3      | Found Huhyps Ycad's Magic Scroll Shoppe.
  1851 | D:3      | Bought a scroll of blinking for 97 gold pieces
  1851 | D:3      | Bought a scroll of fog for 26 gold pieces
  1883 | D:3      | Noticed Natasha
  1886 | D:3      | Killed Natasha
  1969 | D:4      | Identified the +3 whip "Estuh" {freeze, *Corrode rPois
                  | MP+9}
  1987 | D:4      | Noticed Ijyb
  2018 | D:4      | Found a staircase to the Ecumenical Temple.
  2027 | Temple   | Entered the Ecumenical Temple
  2132 | Temple   | Became a worshipper of Makhleb the Destroyer
  2303 | D:4      | Killed Ijyb
  2623 | D:4      | Noticed a black bear
  2629 | D:4      | Killed a black bear
  2630 | D:4      | Reached XP level 7. HP: 42/49 MP: 0/0
  2630 | D:4      | Learned a level 3 spell: Spider Form
  2661 | D:4      | Found a hazy altar of Hepliaklqana.
  2663 | D:4      | Found an opulent altar of Gozag.
  2707 | D:4      | Reached skill level 5 in Spellcasting
  2783 | D:5      | Entered Level 5 of the Dungeon
  2817 | D:5      | Reached * piety under Makhleb
  2902 | D:5      | Reached skill level 1 in Invocations
  2902 | D:5      | Reached skill level 1 in Evocations
  2931 | D:5      | Identified the ring of Reucsig {rElec rF+ rCorr Str+6
                  | Dex+3}
  3089 | D:5      | Reached XP level 8. HP: 42/54 MP: 0/0
  3162 | D:5      | Found a broken altar of Ashenzari.
  3350 | D:6      | Reached skill level 6 in Spellcasting
  3611 | D:6      | Found a glowing drain.
  3620 | Sewer    | Entered a sewer
  3839 | Sewer    | Reached ** piety under Makhleb
  4080 | Sewer    | Reached skill level 5 in Dodging
  4182 | D:6      | Reached XP level 9. HP: 57/59 MP: 0/0
  4182 | D:6      | Learned a level 4 spell: Sticky Flame
  4216 | D:6      | Reached *** piety under Makhleb
  4445 | D:6      | Noticed a kobold demonologist
  4447 | D:6      | Noticed a soul eater
  4455 | D:6      | Killed a kobold demonologist
  4623 | D:6      | Reached skill level 7 in Spellcasting
  4750 | D:7      | Noticed Maggie
  5115 | D:7      | Noticed a two-headed ogre
  5124 | D:7      | Killed a two-headed ogre
  5125 | D:7      | Reached XP level 10. HP: 64/67 MP: 0/0
  5316 | D:7      | Noticed Menkaure
  5327 | D:7      | Killed Menkaure
  5374 | D:7      | Reached skill level 8 in Spellcasting
  5482 | D:7      | Noticed Pikel
  5492 | D:7      | Killed Pikel
  5492 | D:7      | Reached **** piety under Makhleb
  5660 | D:7      | Killed Maggie
  5731 | D:7      | Reached skill level 1 in Throwing
  5731 | D:7      | Reached skill level 5 in Invocations
  6067 | D:8      | Noticed Joseph
  6096 | D:8      | Killed Joseph
  6097 | D:8      | Reached skill level 5 in Evocations
  6186 | D:8      | Reached skill level 1 in Armour
  6189 | D:8      | Reached XP level 11. HP: 37/74 MP: 0/0
  6189 | D:8      | Learned a level 4 spell: Airstrike
  6218 | D:8      | Found a staircase to the Lair.
  6380 | D:8      | Noticed Harold
  6457 | D:8      | Reached skill level 5 in Fighting
  6520 | D:8      | Killed Harold
  6521 | D:8      | Reached skill level 9 in Spellcasting
  6893 | Lair:1   | Entered Level 1 of the Lair of Beasts
  6922 | Lair:1   | Noticed Nergalle
  6931 | Lair:1   | Killed Nergalle
  7406 | Lair:2   | Noticed a four-headed hydra
  7434 | Lair:2   | Reached XP level 12. HP: 69/82 MP: 0/0
  7437 | Lair:2   | Killed a four-headed hydra
  7438 | Lair:2   | Reached skill level 10 in Spellcasting
  7633 | Lair:2   | Found a staircase to the Snake Pit.
  7692 | Lair:2   | Reached ***** piety under Makhleb
  7798 | Lair:2   | Found a staircase to the Swamp.
  7914 | Lair:3   | Identified the +4 helmet "Buozy" {Dex+4}
  8547 | Lair:4   | Reached skill level 11 in Spellcasting
  8599 | Lair:4   | Reached skill level 5 in Armour
  8599 | Lair:4   | Reached skill level 1 in Shields
  8653 | Lair:3   | Noticed a catoblepas
  8672 | Lair:3   | Killed a catoblepas
  8673 | Lair:3   | Reached XP level 13. HP: 45/87 MP: 0/0
  8673 | Lair:3   | Learned a level 5 spell: Blade Hands
  9464 | Lair:5   | Found a staircase to the Slime Pits.
  9556 | Lair:6   | Entered Level 6 of the Lair of Beasts
  9600 | Lair:6   | Reached skill level 10 in Dodging
  9699 | Lair:6   | Reached skill level 12 in Spellcasting
  9734 | Lair:6   | Noticed a seven-headed hydra
  9745 | Lair:6   | Killed a seven-headed hydra
 10055 | Lair:6   | Noticed an eight-headed hydra
 10497 | D:9      | Identified the +4 glaive of Past Mistakes {flame, rC+
                  | Dex+6}
 10670 | D:9      | Found a transporter.
 10801 | D:9      | Found a transporter.
 10911 | D:10     | Entered Level 10 of the Dungeon
 11062 | D:10     | Found a shimmering altar of Xom.
 11063 | D:10     | Found an iron altar of Okawaru.
 11210 | D:10     | Found a staircase to the Orcish Mines.
 11234 | Orc:1    | Entered Level 1 of the Orcish Mines
 11234 | Orc:1    | Found Jug Red's Assorted Antiques.
 11239 | Orc:1    | Reached XP level 14. HP: 66/96 MP: 0/0
 11243 | Orc:1    | Noticed Snorg
 11246 | Orc:1    | Reached ****** piety under Makhleb
 11928 | D:11     | Found a hide-covered altar of Uskayaw.
 12291 | D:11     | Identified the +6 short sword of Wariness {freeze, +Blink
                  | +Rage}
 12633 | D:12     | Reached skill level 13 in Spellcasting
 12701 | D:12     | Noticed an orc warlord
 12766 | D:12     | Killed an orc warlord
 12767 | D:12     | Reached skill level 5 in Shields
 13683 | D:13     | Reached XP level 15. HP: 87/103 MP: 0/0
 13683 | D:13     | Learned a level 6 spell: Iron Shot
 13716 | D:13     | Identified the +8 arbalest "Xaopogha" {elec, rElec}
 13747 | D:13     | Found a gate to the Vaults.
 14042 | D:13     | Reached skill level 1 in Maces & Flails
 14131 | D:13     | Identified the +7 long sword of a bailey {vorpal, *Rage
                  | +Rage rElec rPois}
 15033 | D:14     | Reached skill level 5 in Stealth
 15375 | Orc:1    | Killed Snorg
 15377 | Orc:1    | Reached skill level 14 in Spellcasting
 15558 | Orc:1    | Found Ereorap's General Store.
 15592 | Orc:1    | Bought a potion of heal wounds for 75 gold pieces
 15592 | Orc:1    | Bought a wand of acid (13) for 510 gold pieces
 15592 | Orc:1    | Bought a scroll of immolation for 52 gold pieces
 15669 | Orc:1    | Found Kaw Nurch's Assorted Antiques.
 15686 | Orc:1    | Bought a scroll of blinking for 195 gold pieces
 15686 | Orc:1    | Bought a scroll of enchant weapon for 195 gold pieces
 15700 | Orc:1    | Found Lipoohor's Distillery.
 15727 | Orc:1    | Bought a potion of degeneration for 18 gold pieces
 15820 | Orc:2    | Entered Level 2 of the Orcish Mines
 15938 | Orc:2    | Reached skill level 1 in Short Blades
 15942 | Orc:2    | Reached XP level 16. HP: 109/111 MP: 0/0
 16192 | Orc:2    | Found Galida's Armour Emporium.
 16271 | Orc:2    | Found Guneoxo's Book Shoppe.
 16272 | Orc:2    | Found Rollocw's Weapon Boutique.
 16290 | Orc:2    | Found Janwyuni's Antique Weapon Shoppe.
 16337 | Orc:2    | Found a staircase to the Elven Halls.
 16579 | Elf:1    | Entered Level 1 of the Elven Halls
 16673 | Elf:1    | You are sucked into a shaft and drop 1 floor!
 17055 | Elf:2    | Noticed a deep elf blademaster
 17064 | Elf:2    | Killed a deep elf blademaster
 17705 | Elf:2    | Found a runed translucent gate.
 17705 | Elf:2    | Found a runed translucent gate.
 17705 | Elf:2    | Found a runed translucent gate.
 18920 | Elf:2    | Reached XP level 17. HP: 78/117 MP: 0/0
 18920 | Elf:2    | Learned a level 6 spell: Death Channel
 18952 | Elf:2    | Paralysed by an air elemental for 1 turns
 19241 | Elf:2    | Identified Roxanne's Handbook of Transformation
 19241 | Elf:2    | Noticed Roxanne
 19327 | Elf:2    | Reached skill level 15 in Spellcasting
 19621 | Elf:2    | Killed Roxanne
 20573 | Elf:1    | Reached skill level 10 in Fighting
 20807 | Elf:3    | Entered Level 3 of the Elven Halls
 21212 | Elf:3    | Reached skill level 5 in Maces & Flails
 22022 | Elf:3    | Found a portal to a secret trove of treasure.
 22643 | Elf:3    | Noticed a deep elf master archer
 22650 | Elf:3    | Killed a deep elf master archer
 22651 | Elf:3    | Reached XP level 18. HP: 117/124 MP: 0/0
 22656 | Elf:3    | Noticed a deep elf blademaster
 22668 | Elf:3    | Killed a deep elf blademaster
 22672 | Elf:3    | Noticed a deep elf master archer
 22986 | Elf:3    | Killed a deep elf master archer
 22988 | Elf:3    | Noticed a deep elf blademaster
 22998 | Elf:3    | Killed a deep elf blademaster
 22999 | Elf:3    | Reached skill level 16 in Spellcasting
 23553 | Elf:3    | Noticed a deep elf master archer
 23581 | Elf:3    | Killed a deep elf master archer
 23595 | Elf:3    | Noticed a deep elf master archer
 23614 | Elf:3    | Killed a deep elf master archer
 23736 | Elf:3    | Identified the ring of Ducwiolo {rPois rN+ rCorr Int+2
                  | Dex+6}
 23736 | Elf:3    | Noticed a deep elf blademaster
 23749 | Elf:3    | Killed a deep elf blademaster
 23773 | Elf:3    | Noticed a deep elf master archer
 23985 | Elf:3    | Identified the +7 mace of Drought {elec, rElec}
 24005 | Elf:3    | Identified the +4 scale mail of Tomorrow {rCorr Str+4
                  | Dex-2}
 24005 | Elf:3    | Noticed a deep elf blademaster
 24014 | Elf:3    | Killed a deep elf blademaster
 24167 | Elf:3    | Killed a deep elf master archer
 24237 | Elf:3    | Noticed a deep elf blademaster
 24251 | Elf:3    | Killed a deep elf blademaster
 24257 | Elf:3    | Killed a ghostly deep elf blademaster
 24587 | Elf:3    | Identified the +1 chain mail of the Blind Marksman {rElec
                  | rPois rF- Stlth+}
 24893 | Lair:1   | Upgraded the game from 0.27.1-34-g3ba077fa99 to
                  | 0.27.1-35-g4d5d836560
 24950 | Swamp:1  | Entered Level 1 of the Swamp
 25376 | Swamp:1  | Found a runed translucent door.
 25376 | Swamp:1  | Noticed LordBelias's ghost (journeyman DgCj)
 25386 | Swamp:1  | Killed LordBelias's ghost
 25426 | Swamp:1  | Identified the +1 ring mail of Mezcal {Int-4 Dex+5}
 25713 | Swamp:2  | Found a frozen archway.
 25894 | IceCv    | Entered an ice cave
 25983 | IceCv    | Reached XP level 19. HP: 121/130 MP: 0/0
 25983 | IceCv    | Learned a level 7 spell: Dragon Form
 26226 | IceCv    | Noticed an Ice Fiend
 26228 | IceCv    | Killed an Ice Fiend
 26324 | IceCv    | Reached skill level 10 in Shields
 26500 | Swamp:2  | Reached skill level 17 in Spellcasting
 26918 | Swamp:2  | Reached skill level 1 in Unarmed Combat
 26926 | Swamp:2  | You are sucked into a shaft and drop 1 floor!
 26979 | Swamp:3  | Noticed Louise
 27005 | Swamp:3  | Killed Louise
 27005 | Swamp:3  | Noticed Nikola
 27011 | Swamp:3  | Killed Nikola
 27062 | Swamp:3  | Noticed Donald
 27484 | Swamp:2  | Killed Donald
 27510 | Swamp:3  | Mangled by a bunyip

Illustrated notes

Levels and vault maps discovered:
D:1:      beargit_arrival_greenhouse, layout_rooms,
          dilly_ecumenical_altar_fadedgnrine
D:2:      minmay_general_purpose_star, layout_basic, basic_altar,
          grunt_decor_resistance
D:3:      layout_basic, serial_shops, nicolae_shop_trees,
          chequers_decorated_corner, uniq_natasha
D:4:      layout_basic, chequers_temple_overflow_statue_of_worship,
          lemuel_temple_firewalk_b, grunt_ministairs_6,
          kennysheep_generic_room_5, uniq_ijyb
D:5:      layout_gridville, ashenzari_altar_1
D:6:      layout_loops_corners, gup_sewer_entry_bubbles
D:7:      layout_loops_corners, uniq_crazy_yiuf_cottage, uniq_pikel,
          uniq_menkaure, uniq_maggie
D:8:      layout_loops_ring, erik_lair_island, uniq_harold, uniq_joseph
D:9:      gammafunk_beogh_shrine, layout_loops_corners, serial_bayou_pond_e
D:10:     layout_cave_pools, gammafunk_temple_overflow_statue, erik_orc_2,
          minmay_mirror_moons_of_madness
D:11:     layout_grid_maze, minmay_gold_behind_fungi, nicolae_uskayaw_suspiria
D:12:     orc_temple, layout_rooms, serial_corexii_hall, corexii_hall_statues_x,
          corexii_hall_statues_s, centaur_isle
D:13:     kennysheep_seaside_town, layout_long_grid, ximxim_vaults_locker_room,
          hangedman_fish_farm
D:14:     layout_stronghold, minivault_27
Temple:   minmay_crystal_spiral_temple
Lair:1:   layout_chaotic_city, st_stairs_7, uniq_nergalle
Lair:2:   layout_long_grid, minmay_swamp_entry_worms,
          guppyfry_snake_entry_garden, infiniplex_staircase_pool_2
Lair:3:   lemuel_slime, layout_chaotic_city, serial_bayou_pond_b,
          kennysheep_catoblepas_arena
Lair:4:   layout_cave_pods
Lair:5:   layout_small_grid, nicolae_slime_entry_slimehenge,
          infiniplex_staircase_pool
Lair:6:   gammafunk_lair_ancient_temple, layout_long_grid, hibernation_bobbens,
          serial_bayou_shore_b
Swamp:1:  layout_basic_swamp, ebering_ghost_reflecting_pool,
          nicolae_swamp_godswood, swamp_pool5
Swamp:2:  layout_basic_swamp, portal_ice_cave_entry_pillars_2,
          evilmike_swamp_ruin_house_6, nicolae_swamp_frolicking_bunyips
Swamp:3:  layout_basic_swamp, nicolae_swamp_tree_designs, swamp_pool2,
          nicolae_swamp_bunyip_nook, uniq_donald, uniq_nikola, uniq_louise
Orc:1:    layout_caves, serial_shops, nicolae_shop_stone, nicolae_shop_stone,
          shop, shop, basic_altar, mines5_lemuel, uniq_snorg
Orc:2:    st_orc_open, layout_caves, statue_in_the_mist_lemuel
Elf:1:    eino_elf_arrival_customs, layout_loops_corners, evilmike_minifort
Elf:2:    elven_hall_of_blades_hangedman_original [nicolae_blade_tridents],
          layout_gridlike, uniq_roxanne
Elf:3:    minmay_elf_hall, layout_loops_ring, nicolae_trove_entry_crossroad,
          hangedman_elven_pyramids, minivault_14

Skill      XL: |  1  2  3  4  5  6  7  8  9 10 11 12 13 14 15 16 17 18 19 |
---------------+----------------------------------------------------------+-----
Fighting       | 1 2 4 5 6 7 8 9 10 | 10.5
Stealth        | 2 3 4 5 |  5.0
Spellcasting   | 4 5 6 7 8 9 11 12 13 14 15 16 17 | 17.1
Dodging        | 3 4 5 6 7 8 9 10 11 12 13 14 | 14.0
Invocations    | 1 2 4 5 7 8 |  8.7
Evocations     | 1 2 4 5 6 |  6.9
Throwing       | 1 3 4 |  4.0
Armour         | 1 3 5 |  5.0
Shields        | 1 4 5 6 7 8 9 10 | 10.2
Maces & Flails | 2 4 5 |  5.3
Short Blades   | 1 3 4 |  4.0
Unarmed Combat | 2 |  2.3

Action                   |  1- 3 |  4- 6 |  7- 9 | 10-12 | 13-15 | 16-18 | 19-21 || total
-------------------------+-------+-------+-------+-------+-------+-------+-------++-------
Melee: Eveningstar       |    16 |       |       |       |    17 |       |       ||    33
       Whip              |       |     1 |     2 |       |       |       |       ||     3
       Dagger            |       |     9 |    24 |     4 |    13 |       |       ||    50
       Long sword        |       |       |       |     4 |       |       |       ||     4
       Short sword       |       |       |       |       |    29 |    25 |       ||    54
       Hunting sling     |       |       |       |       |     1 |       |       ||     1
       Staff             |       |       |       |       |       |       |     3 ||     3
 Fire: Hunting sling     |       |    17 |   115 |    42 |    92 |       |       ||   266
Throw: Dart              |       |       |     8 |       |     2 |       |     1 ||    11
       Boomerang         |       |       |       |       |     3 |     2 |     1 ||     6
 Cast: Magic Dart        |    46 |    24 |    11 |    21 |     4 |     3 |       ||   109
       Searing Ray       |     6 |    17 |    24 |    29 |     8 |       |       ||    84
       Dazzling Flash    |       |     2 |     1 |     2 |       |       |       ||     5
       Fulminant Prism   |       |     1 |    27 |    81 |   113 |    89 |     2 ||   313
       Sticky Flame      |       |       |     4 |    21 |    40 |    27 |     1 ||    93
       Iskenderun's Myst |       |       |     1 |     1 |    21 |    18 |     1 ||    42
       Airstrike         |       |       |       |    56 |   183 |    82 |    23 ||   344
       Iron Shot         |       |       |       |       |    66 |   265 |    95 ||   426
       Death Channel     |       |       |       |       |       |     6 |     7 ||    13
       Blade Hands       |       |       |       |       |       |       |     1 ||     1
Invok: Lesser Servant of |       |       |       |       |    12 |     6 |       ||    18
       Minor Destruction |       |       |       |       |     5 |       |       ||     5
 Abil: Evoke Blink       |       |       |       |       |       |     1 |       ||     1
Evoke: Wand              |       |       |       |     1 |    11 |     1 |       ||    13
       Tin of tremorston |       |       |       |       |     1 |     1 |       ||     2
  Use: Scroll            |     3 |       |     6 |    14 |    14 |     9 |     3 ||    49
       Potion            |       |       |       |     1 |     4 |     4 |     1 ||    10
 Stab: Sleeping          |     3 |       |     1 |       |     5 |       |       ||     9
       Invisible         |       |       |     1 |       |       |       |       ||     1
       Petrified         |       |       |       |     1 |       |       |       ||     1
       Paralysed         |       |       |       |       |     8 |       |       ||     8
Armor: Robe              |     3 |     5 |     8 |     3 |       |       |       ||    19
       Acid dragon scale |       |       |       |    31 |    57 |    35 |     5 ||   128
Dodge: Dodged            |    15 |    11 |    32 |    94 |   130 |    99 |    19 ||   400
Block: Kite shield       |       |       |       |     2 |   160 |   115 |    10 ||   287
       Reflection        |       |       |       |       |    33 |    31 |     2 ||    66
       Tower shield      |       |       |       |       |       |       |    23 ||    23
       Other             |       |       |       |       |       |       |     1 ||     1
       Rpst.: Long sword |       |       |       |     2 |       |       |       ||     2
